Map: Rainfall LE

Players

Aatom

  • Race: Terran Terran
  • League: Master

Mabadi - Winner!

  • Race: Terran Terran
  • League: Grandmaster

VOD

Have the link to the VOD?

Description

Time

  • Played on: Aug. 30, 2026, 4:25 a.m.
  • Length: 7:52
Show
View Real Time Build Order
Export as new Build Order

Aatom Terran 

Build Orders: Reaper Expand 

Get SALT Encoding   

  8  0:00  SCV  
  9  0:12  SCV  
  10  0:24  SCV  
  10  0:28  Supply Depot  
  11  0:36  SCV  
  12  0:48  SCV  
  13  0:54  Barracks  
  13  1:00  Refinery  
  13  1:06  SCV  
  15  1:18  SCV  
  15  1:30  SCV  
  16  1:42  Orbital Command  
  16  1:43  Reaper  
  17  2:00  Command Center  
  17  2:08  SCV  
  18  2:13  Supply Depot  
  18  2:17  Reaper  
  18  2:20  SCV  
  20  2:25  Refinery  
  20  2:32  SCV  
  21  2:38  Factory  
  21  2:44  SCV  
  21  2:55  Barracks Reactor  
  21  2:57  SCV  
  22  3:11  SCV  
  23  3:24  SCV  
  24  3:27  Starport  
  24  3:36  SCV  
  24  3:38  Hellion x2  
  24  3:39  Orbital Command  
  29  3:48  SCV  
  29  3:52  Barracks Tech Lab  
  29  3:54  Supply Depot  
  29  4:00  SCV  
  29  4:01  Hellion  
  34  4:02  Hellion  
  34  4:07  SCV  
  35  4:12  SCV  
  36  4:19  SCV  
  36  4:23  Supply Depot  
  37  4:25  Refinery  
  37  4:30  Raven, Interference Matrix  
  37  4:31  SCV  
  40  4:32  SCV  
  40  4:41  Marine x2, Factory Tech Lab  
  40  4:44  SCV  
  44  4:45  SCV  
  44  4:47  Supply Depot  
  44  4:56  SCV  
  44  4:59  SCV  
  46  5:00  Marine x2  
  46  5:01  Siege Tank  
  51  5:08  SCV, Raven  
  51  5:12  SCV, Supply Depot  
  56  5:21  SCV  
  56  5:24  Marine x2  
  56  5:28  SCV  
  59  5:33  Siege Tank, SCV  
  62  5:43  SCV  
  62  5:45  SCV  
  62  5:46  Command Center  
  64  5:56  SCV, Barracks  
  65  5:58  Barracks  
  65  5:59  Supply Depot  
  65  6:00  Supply Depot  
  65  6:02  Viking  
  65  6:03  Viking  
  69  6:07  Stimpack  
  69  6:10  SCV  
  69  6:11  SCV  
  69  6:22  SCV  
  69  6:23  SCV  
  69  6:32  Supply Depot  
  69  6:34  SCV, Engineering Bay, Viking x2  
  69  6:35  SCV  
  69  6:37  Engineering Bay  
  78  6:40  Siege Tank  
  78  6:46  SCV  
  77  6:47  Refinery  
  77  6:49  Barracks Reactor x2  
  77  6:56  SCV  
  77  6:58  SCV  
  77  6:59  Supply Depot x2  
  79  7:05  Marine  
  79  7:06  Barracks  
  54  7:15  Barracks  
  42  7:29  Marine x3  
  33  7:30  Marine x2  
Show
View Real Time Build Order
Export as new Build Order

Mabadi Terran - Winner!

Build Orders: Reaper Expand 

Get SALT Encoding   

  8  0:00  SCV  
  9  0:12  SCV  
  10  0:24  SCV  
  10  0:27  Supply Depot  
  11  0:36  SCV  
  12  0:48  SCV  
  13  0:53  Barracks  
  13  1:02  Refinery  
  13  1:05  SCV  
  14  1:17  SCV  
  15  1:29  SCV  
  16  1:41  Orbital Command  
  16  1:45  Reaper  
  17  2:00  Command Center  
  17  2:06  SCV  
  18  2:15  Supply Depot  
  18  2:18  SCV  
  18  2:19  Marine  
  20  2:30  Factory  
  20  2:32  SCV  
  21  2:40  Bunker  
  21  2:43  Marine  
  22  2:46  SCV  
  23  2:53  Refinery  
  23  2:58  SCV  
  23  3:01  Barracks Reactor  
  24  3:10  SCV  
  25  3:15  Orbital Command  
  25  3:16  Factory Tech Lab  
  25  3:22  SCV  
  26  3:27  Starport  
  26  3:40  Cyclone  
  29  3:42  Marine x2  
  29  3:45  SCV  
  32  3:50  SCV  
  32  3:57  SCV  
  32  4:00  Marine, Refinery  
  32  4:01  Marine  
  32  4:02  SCV  
  36  4:05  Starport Tech Lab  
  36  4:09  SCV  
  37  4:13  Siege Tank  
  37  4:14  SCV  
  42  4:28  Supply Depot  
  42  4:31  SCV  
  42  4:32  Command Center  
  42  4:49  SCV, Raven  
  42  4:50  Siege Tank, Marine  
  42  4:51  Marine  
  50  4:58  SCV  
  51  5:01  SCV  
  51  5:02  Supply Depot  
  52  5:09  Barracks  
  52  5:11  Barracks  
  53  5:14  SCV  
  53  5:17  SCV  
  54  5:21  Marine x2  
  54  5:27  Raven  
  58  5:29  SCV  
  58  5:30  SCV  
  58  5:33  Interference Matrix  
  60  5:39  Siege Tank  
  63  5:43  Marine x2  
  63  5:47  SCV  
  63  5:48  SCV  
  67  5:52  Orbital Command  
  67  5:59  Barracks Reactor  
  67  6:00  SCV x2  
  67  6:01  Barracks Reactor  
  67  6:03  Raven  
  71  6:08  Marine  
  71  6:10  Marine  
  73  6:12  SCV x2  
  73  6:16  Supply Depot  
  76  6:18  SCV  
  76  6:20  Siege Tank  
  76  6:24  SCV x2  
  78  6:29  Marine  
  79  6:33  Supply Depot  
  79  6:34  Supply Depot  
  79  6:35  Refinery  
  79  6:36  Orbital Command  
  79  6:38  Marine  
  79  6:39  SCV x2  
  82  6:43  Marine x2  
  84  6:49  Marine  
  84  6:51  SCV x2  
  87  6:55  Marine, Siege Tank  
  87  6:58  Refinery  
  91  7:03  SCV x2  
  93  7:14  Marine x4  
  93  7:15  Marine, Viking x2  
  95  7:16  SCV  
  90  7:27  SCV  
  87  7:32  Marine x2  
  87  7:33  SCV x2  
  96  7:39  SCV  
  97  7:48  Barracks  
  97  7:50  Barracks  
Tags
 
Add a new tag
Caveats
  • Supply blocks, unpowered buildings, or Contaminate may cause inaccurate times.
  • Supply counts are checked every 10 seconds.